TOP OF THE 1ST |
Niagara Falls Phantoms batting - Pitching for London Majors : LHP Bobby Enright
|
Pitching: LHP Bobby Enright
|
|
Batting: SHB Edwin Dominguez
|
0-0: DOUBLE (Line Drive, 9LS, EV 111.3 MPH)
|
Batting: SHB Mukhtar Wa'il
|
0-0: Foul Ball, location: 2F 0-1: SINGLE (Line Drive, 89S, EV 95.6 MPH) Edwin Dominguez to third Runner from 3rd tries for Home, SAFE, throw by RF to home Mukhtar Wa'il to second
|
Batting: RHB Devon Utley
|
0-0: Called Strike 0-1: Ball 1-1: Ground out 6-3 (Groundball, 6MD, EV 96.9 MPH) Mukhtar Wa'il to third
|
Batting: RHB Mark Stafford
|
0-0: Foul Ball, location: 2F 0-1: Ball 1-1: Called Strike 1-2: Strikes out swinging
|
Batting: LHB Aaron Joyner
|
0-0: Ball 1-0: Foul Ball, location: 2F 1-1: Ball 2-1: Ball 3-1: Foul Ball, location: 2F 3-2: Foul Ball, location: 2F 3-2: Foul Ball, location: 2F 3-2: Foul Ball, location: 2F 3-2: Strikes out looking
|
Top of the 1st over - 1 run, 2 hits, 0 errors, 1 left on base; Niagara Falls 1 - London 0 |
BOTTOM OF THE 1ST |
London Majors batting - Pitching for Niagara Falls Phantoms : RHP Andres Galindo
|
Pitching: RHP Andres Galindo
|
|
Batting: RHB Brock Van Gilder
|
0-0: Ball 1-0: Ball 2-0: Ground out 6-3 (Groundball, 6M, EV 100.0 MPH)
|
Batting: RHB Mike Chamberlain
|
0-0: Foul Ball, location: 2F 0-1: SINGLE (Line Drive, 6M, EV 93.8 MPH)
|
Batting: RHB Frank Caulfield
|
0-0: Called Strike 0-1: Ball 1-1: Called Strike Mike Chamberlain steals 2nd base 1-2: Strikes out swinging
|
Batting: LHB Kurt Estep
|
0-0: Ball 1-0: Called Strike 1-1: 2-RUN HOME RUN (Flyball, 89XD, EV 112.5 MPH), Distance : 421 ft
|
Batting: RHB Bill Murray
|
0-0: Called Strike 0-1: Ball 1-1: Ball 2-1: Ball 3-1: SINGLE (Groundball, 34D, EV 101.3 MPH)
|
Batting: RHB Bobby Lasaguna
|
0-0: Ball 1-0: Foul Ball, location: 2F 1-1: Ball 2-1: Called Strike 2-2: Strikes out swinging
|
Bottom of the 1st over - 2 runs, 3 hits, 0 errors, 1 left on base; Niagara Falls 1 - London 2 |
TOP OF THE 2ND |
Niagara Falls Phantoms batting - Pitching for London Majors : LHP Bobby Enright
|
Batting: RHB Christian Shearer
|
0-0: Ball 1-0: Ball 2-0: Ball 3-0: Base on Balls
|
Batting: RHB John Sprenkel
|
0-0: Ball 1-0: Ball 2-0: Ball 3-0: Called Strike 3-1: Grounds into double play, 5-4-3 (Groundball, 56, EV 100.0 MPH)
|
Batting: LHB Bart Davies
|
0-0: Ball 1-0: Foul Ball, location: 2F 1-1: Fly out, F9 (Flyball, 9, EV 79.4 MPH)
|
Top of the 2nd over - 0 runs, 0 hits, 0 errors, 0 left on base; Niagara Falls 1 - London 2 |
BOTTOM OF THE 2ND |
London Majors batting - Pitching for Niagara Falls Phantoms : RHP Andres Galindo
|
Batting: LHB Eric Toney
|
0-0: Ball 1-0: Called Strike 1-1: Foul Ball, location: 2F 1-2: Foul Ball, location: 2F 1-2: Foul Ball, location: 2F 1-2: Strikes out looking
|
Batting: RHB Terry Plumley
|
0-0: Ball 1-0: Called Strike 1-1: Ball 2-1: Swinging Strike 2-2: Strikes out swinging
|
Batting: RHB Bobby Roldan
|
0-0: Ball 1-0: Fly out, F5 (Popup, 25F, EV 81.3 MPH)
|
Bottom of the 2nd over - 0 runs, 0 hits, 0 errors, 0 left on base; Niagara Falls 1 - London 2 |
TOP OF THE 3RD |
Niagara Falls Phantoms batting - Pitching for London Majors : LHP Bobby Enright
|
Batting: LHB Jose Lebron
|
0-0: SINGLE (Line Drive, 78S, EV 96.9 MPH)
|
Batting: SHB Edwin Dominguez
|
0-0: Called Strike 0-1: Called Strike Pickoff Throw by Catcher to First - Out! 0-2: Ball 1-2: Strikes out swinging
|
Batting: SHB Mukhtar Wa'il
|
0-0: Called Strike 0-1: Called Strike 0-2: Ball 1-2: Strikes out swinging
|
Top of the 3rd over - 0 runs, 1 hit, 0 errors, 0 left on base; Niagara Falls 1 - London 2 |
BOTTOM OF THE 3RD |
London Majors batting - Pitching for Niagara Falls Phantoms : RHP Andres Galindo
|
Batting: RHB Brock Van Gilder
|
0-0: Ground out 6-3 (Groundball, 6, EV 84.4 MPH)
|
Batting: RHB Mike Chamberlain
|
0-0: Swinging Strike 0-1: Foul Ball, location: 2F 0-2: Ball 1-2: Ball 2-2: Strikes out looking
|
Batting: RHB Frank Caulfield
|
0-0: Called Strike 0-1: Ball 1-1: SINGLE (Line Drive, 7S, EV 93.8 MPH)
|
Batting: LHB Kurt Estep
|
0-0: Ball 1-0: Ball 2-0: Foul Ball, location: 2F 2-1: Fielders Choice at 2nd, 5-4 (Groundball, 5, EV 82.5 MPH)
|
Bottom of the 3rd over - 0 runs, 1 hit, 0 errors, 1 left on base; Niagara Falls 1 - London 2 |
TOP OF THE 4TH |
Niagara Falls Phantoms batting - Pitching for London Majors : LHP Bobby Enright
|
Batting: RHB Devon Utley
|
0-0: Called Strike 0-1: Foul Ball, location: 2F 0-2: Ball 1-2: Strikes out swinging
|
Batting: RHB Mark Stafford
|
0-0: Called Strike 0-1: Swinging Strike 0-2: Strikes out swinging
|
Batting: LHB Aaron Joyner
|
0-0: Ball 1-0: Ball 2-0: Called Strike 2-1: Ball 3-1: Ground out U3 (Groundball, 3L, EV 88.1 MPH)
|
Top of the 4th over - 0 runs, 0 hits, 0 errors, 0 left on base; Niagara Falls 1 - London 2 |
BOTTOM OF THE 4TH |
London Majors batting - Pitching for Niagara Falls Phantoms : RHP Andres Galindo
|
Batting: RHB Bill Murray
|
0-0: DOUBLE (Flyball, 89XD, EV 104.4 MPH)
|
Batting: RHB Bobby Lasaguna
|
0-0: Swinging Strike 0-1: Foul Ball, location: 2F 0-2: Ball 1-2: Strikes out swinging
|
Batting: LHB Eric Toney
|
0-0: Ball 1-0: Ball 2-0: Called Strike 2-1: Ball 3-1: Foul Ball, location: 2F 3-2: Foul Ball, location: 2F 3-2: Strikes out swinging
|
Batting: RHB Terry Plumley
|
0-0: Ground out 4-3 (Groundball, 4, EV 84.4 MPH)
|
Bottom of the 4th over - 0 runs, 1 hit, 0 errors, 1 left on base; Niagara Falls 1 - London 2 |
TOP OF THE 5TH |
Niagara Falls Phantoms batting - Pitching for London Majors : LHP Bobby Enright
|
Batting: RHB Christian Shearer
|
0-0: Ball 1-0: Ball 2-0: Ground out 4-3 (Groundball, 4, EV 80.6 MPH)
|
Batting: RHB John Sprenkel
|
0-0: Called Strike 0-1: Fly out, F8 (Flyball, 8RM, EV 86.9 MPH)
|
Batting: LHB Bart Davies
|
0-0: Ball 1-0: Called Strike 1-1: Foul Ball, location: 2F 1-2: Foul Ball, location: 2F 1-2: Foul Ball, location: 2F 1-2: Ball 2-2: Fly out, F9 (Flyball, 9LS, EV 85.6 MPH)
|
Top of the 5th over - 0 runs, 0 hits, 0 errors, 0 left on base; Niagara Falls 1 - London 2 |
BOTTOM OF THE 5TH |
London Majors batting - Pitching for Niagara Falls Phantoms : RHP Andres Galindo
|
Batting: RHB Bobby Roldan
|
0-0: Called Strike 0-1: Called Strike 0-2: Foul Ball, location: 2F 0-2: Foul Ball, location: 2F 0-2: Strikes out swinging
|
Batting: RHB Brock Van Gilder
|
0-0: Swinging Strike 0-1: Foul Ball, location: 2F 0-2: Strikes out swinging
|
Batting: RHB Mike Chamberlain
|
0-0: Fly out, F5 (Popup, 25F, EV 85.6 MPH)
|
Bottom of the 5th over - 0 runs, 0 hits, 0 errors, 0 left on base; Niagara Falls 1 - London 2 |
TOP OF THE 6TH |
Niagara Falls Phantoms batting - Pitching for London Majors : LHP Bobby Enright
|
Batting: LHB Jose Lebron
|
0-0: Called Strike 0-1: SINGLE (Line Drive, 8LS, EV 91.3 MPH)
|
Batting: SHB Edwin Dominguez
|
0-0: Called Strike 0-1: Ball 1-1: Ball 2-1: Called Strike 2-2: Ball 3-2: Foul Ball, location: 2F 3-2: Strikes out swinging
|
Batting: SHB Mukhtar Wa'il
|
0-0: Swinging Strike 0-1: Hit by Pitch Jose Lebron to second
|
Batting: RHB Devon Utley
|
0-0: Called Strike 0-1: Ball 1-1: Foul Ball, location: 2F 1-2: SINGLE (Groundball, 56S, EV 73.8 MPH) (infield hit) Jose Lebron to third Mukhtar Wa'il to second
|
Batting: RHB Mark Stafford
|
0-0: Ball 1-0: Ball 2-0: Called Strike 2-1: Fly out, F7 (Flyball, 7, EV 87.5 MPH) Runner from 3rd tags up, OUT at HOME! 7-2
|
Top of the 6th over - 0 runs, 2 hits, 0 errors, 2 left on base; Niagara Falls 1 - London 2 |
BOTTOM OF THE 6TH |
London Majors batting - Pitching for Niagara Falls Phantoms : RHP Andres Galindo
|
Batting: RHB Frank Caulfield
|
0-0: Called Strike 0-1: Called Strike 0-2: Ball 1-2: Ball 2-2: Ground out 6-3 (Groundball, 6, EV 105.0 MPH)
|
Batting: LHB Kurt Estep
|
0-0: SINGLE (Line Drive, 7S, EV 106.3 MPH)
|
Batting: RHB Bill Murray
|
0-0: Ball 1-0: Called Strike 1-1: Ground out 6-3 (Groundball, 6S, EV 71.3 MPH) Kurt Estep to second
|
Pitching: RHP Jimmy Williams
|
|
Batting: RHB Bobby Lasaguna
|
0-0: Foul Ball, location: 2F 0-1: Called Strike 0-2: Strikes out looking
|
Bottom of the 6th over - 0 runs, 1 hit, 0 errors, 1 left on base; Niagara Falls 1 - London 2 |
TOP OF THE 7TH |
Niagara Falls Phantoms batting - Pitching for London Majors : LHP Bobby Enright
|
Pitching: RHP Bryan Mattis
|
|
Batting: LHB Aaron Joyner
|
0-0: Ball 1-0: Called Strike 1-1: Hit by Pitch
|
Pinch Hitting: LHB Victor Fiallos
|
0-0: Ball 1-0: Ball 2-0: Called Strike 2-1: Grounds into double play, 6-4-3 (Groundball, 6, EV 88.1 MPH)
|
Batting: RHB John Sprenkel
|
0-0: Foul Ball, location: 2F 0-1: Ball 1-1: Ball 2-1: Foul Ball, location: 2F 2-2: Fly out, F8 (Line Drive, 8LM, EV 96.3 MPH)
|
Top of the 7th over - 0 runs, 0 hits, 0 errors, 0 left on base; Niagara Falls 1 - London 2 |
BOTTOM OF THE 7TH |
London Majors batting - Pitching for Niagara Falls Phantoms : RHP Jimmy Williams
|
Now at 2B: Isaias Chavez
|
|
Batting: LHB Eric Toney
|
0-0: Ball 1-0: Called Strike 1-1: Called Strike 1-2: Foul Ball, location: 2F 1-2: Strikes out swinging
|
Batting: RHB Terry Plumley
|
0-0: Fly out, F8 (Flyball, 8RD, EV 88.8 MPH)
|
Pinch Hitting: SHB Kevin Watson
|
0-0: SINGLE (Groundball, 34S, EV 97.5 MPH)
|
Batting: RHB Brock Van Gilder
|
0-0: Foul Ball, location: 2F 0-1: Swinging Strike 0-2: Strikes out swinging, 2-3 out at first.
|
Bottom of the 7th over - 0 runs, 1 hit, 0 errors, 1 left on base; Niagara Falls 1 - London 2 |
TOP OF THE 8TH |
Niagara Falls Phantoms batting - Pitching for London Majors : RHP Bryan Mattis
|
Now at 3B: Kevin Watson
|
|
Now at SS: Brock Van Gilder
|
|
Batting: LHB Bart Davies
|
0-0: Ball 1-0: Hit by Pitch
|
Pitching: LHP Mike Oakes
|
|
Pinch Hitting: RHB Tim Osborn
|
0-0: Swinging Strike 0-1: Sac Bunt to 2L - play at first, batter OUT! 2-4 Bart Davies to second
|
Pitching: LHP Mario Amore
|
|
Batting: SHB Edwin Dominguez
|
0-0: Called Strike 0-1: Called Strike 0-2: Foul Ball, location: 2F 0-2: Ball 1-2: Strikes out swinging
|
Batting: SHB Mukhtar Wa'il
|
0-0: Ball 1-0: Called Strike 1-1: 2-RUN HOME RUN (Flyball, 78XD, EV 115.6 MPH), Distance : 452 ft
|
Batting: RHB Devon Utley
|
0-0: Ball 1-0: Swinging Strike 1-1: Called Strike 1-2: Ball 2-2: Strikes out swinging
|
Top of the 8th over - 2 runs, 1 hit, 0 errors, 0 left on base; Niagara Falls 3 - London 2 |
BOTTOM OF THE 8TH |
London Majors batting - Pitching for Niagara Falls Phantoms : RHP Jimmy Williams
|
Now at 1B: Matt Crane
|
|
Now in LF: Alex Colon
|
|
Now in RF: John Sprenkel
|
|
Pinch Hitting: LHB Devin Huber
|
0-0: Fly out, F9 (Flyball, 9D, EV 93.8 MPH)
|
Batting: RHB Frank Caulfield
|
0-0: Called Strike 0-1: Called Strike 0-2: Fly out, F8 (Flyball, 8RXD, EV 91.9 MPH)
|
Batting: LHB Kurt Estep
|
0-0: Foul Ball, location: 2F 0-1: Ball 1-1: Called Strike 1-2: Ball 2-2: Ball 3-2: Foul Ball, location: 2F 3-2: Fly out, F5 (Popup, 56, EV 62.5 MPH)
|
Bottom of the 8th over - 0 runs, 0 hits, 0 errors, 0 left on base; Niagara Falls 3 - London 2 |
TOP OF THE 9TH |
Niagara Falls Phantoms batting - Pitching for London Majors : LHP Mario Amore
|
Now in RF: Devin Huber
|
|
Batting: RHB Mark Stafford
|
0-0: Ball 1-0: Called Strike 1-1: Fly out, F8 (Flyball, 8LM, EV 90.0 MPH)
|
Batting: LHB Aaron Joyner
|
0-0: Ball 1-0: Called Strike 1-1: Foul Ball, location: 2F 1-2: Strikes out swinging
|
Batting: RHB Isaias Chavez
|
0-0: Ball 1-0: Ball 2-0: Ball 3-0: Called Strike 3-1: DOUBLE (Line Drive, 9LD, EV 103.1 MPH)
|
Batting: RHB John Sprenkel
|
0-0: Foul Ball, location: 2F 0-1: Swinging Strike 0-2: Ball 1-2: Strikes out swinging
|
Top of the 9th over - 0 runs, 1 hit, 0 errors, 1 left on base; Niagara Falls 3 - London 2 |
BOTTOM OF THE 9TH |
London Majors batting - Pitching for Niagara Falls Phantoms : RHP Jimmy Williams
|
Pitching: RHP Antonio Castillo
|
|
Batting: RHB Bill Murray
|
0-0: Called Strike 0-1: Swinging Strike 0-2: Ball 1-2: Foul Ball, location: 2F 1-2: Foul Ball, location: 2F 1-2: Foul Ball, location: 2F 1-2: Ball 2-2: SINGLE (Groundball, 56D, EV 100.0 MPH)
|
Batting: RHB Bobby Lasaguna
|
0-0: Sac Bunt to P - play at first, batter OUT! 1-4 Bill Murray to second
|
Batting: LHB Eric Toney
|
0-0: SINGLE (Line Drive, 78M, EV 101.3 MPH) Bill Murray to third
|
Batting: RHB Terry Plumley
|
0-0: Called Strike 0-1: Ball 1-1: Foul Ball, location: 2F 1-2: Ball 2-2: Strikes out swinging
|
Batting: SHB Kevin Watson
|
0-0: Fly out, F3 (Popup, 3SF, EV 72.5 MPH)
|
Bottom of the 9th over - 0 runs, 2 hits, 0 errors, 2 left on base; Niagara Falls 3 - London 2 |
|